 Dungeon Crawl Stone Soup version 0.28.0-53-g5a82cb258f (webtiles) character file.

Game seed: 12497576958359950685

22 DocClef the Skirmisher (level 2, -1/26 HPs)
             Began as a Draconian Fighter on June 14, 2022.
             Killed from afar by a dart slug (4 damage)
             ... with a slug dart
             ... on level 2 of the Dungeon.
             The game lasted 00:00:35 (1060 turns).

DocClef the Skirmisher (Draconian Fighter)          Turns: 1060, Time: 00:00:36

Health: -1/26      AC:  4    Str: 18    XL:     2   Next: 68%
Magic:  2/2        EV: 12    Int:  8    God:
Gold:   68         SH:  4    Dex: 10    Spells: 1/1 levels left

rFire   . . .      SeeInvis .   a - +0 rapier
rCold   . . .      Faith    .   b - +0 buckler
rNeg    . . .      Spirit   .   (armour unavailable)
rPois   .          Reflect  .   (helmet restricted)
rElec   .          Harm     .   (no cloak)
rCorr   .          Rampage  .   (no gloves)
Will    .....                   (no boots)
Stlth   +.........              (no amulet)
HPRegen 0.08/turn               (no ring)
MPRegen 0.08/turn               (no ring)

@: no status effects
A: AC +4, unfitting armour, cold-blooded
a: no special abilities


You were on level 2 of the Dungeon.
You visited 1 branch of the dungeon, and saw 2 of its levels.

You collected 68 gold pieces.

Inventory:

Hand Weapons
 a - a +0 rapier (weapon)
Armour
 b - a +0 buckler (worn)
Scrolls
 d - 2 scrolls of identify {unknown}
 f - 2 scrolls of enchant armour {unknown}
 g - a scroll of enchant weapon {unknown}
 h - a scroll of vulnerability {unknown}
Potions
 c - a potion of might
 e - a potion of heal wounds {unknown}
 i - a potion of degeneration {unknown}


   Skills:
 + Level 3.6 Fighting
 + Level 2.3 Short Blades
 + Level 3.0 Dodging
 + Level 0.2 Stealth
 + Level 3.2 Shields


You had one spell level left.
You didn't know any spells.
Your spell library was empty.

Dungeon Overview and Level Annotations

Branches:
Dungeon (2/15)

Altars:


Innate Abilities, Weirdness & Mutations

Your plain brown scales are hard. (AC +4)
You cannot fit into any form of body armour.
You are cold-blooded and may be slowed by cold attacks.


Message History

You are frozen.
The hobgoblin closely misses you. The bat hits you but does no damage.
You hit the hobgoblin.
You kill the hobgoblin!
The bat hits you but does no damage. The endoplasm misses you.
You hit the endoplasm but do no damage.
You tail-slap the endoplasm, but do no damage.
The bat hits you. The bat hits you but does no damage.
The endoplasm freezes you.
You are frozen.
You feel yourself slow down.
You hit the endoplasm but do no damage. The bat barely misses you.
The bat misses you. The endoplasm freezes you.
You are frozen.
The bat barely misses you. The endoplasm freezes you.
You are frozen.
You feel as though you will be slow longer.
You hit the bat.
You kill the bat!
The endoplasm freezes you.
You are frozen.
* * * LOW HITPOINT WARNING * * *
The endoplasm hits you.
* * * LOW HITPOINT WARNING * * *
The dart slug barely misses you.
A goblin comes into view. It is wielding a +0 club.
You see here a bat corpse.
The goblin shouts!
You puncture the endoplasm!
You kill the endoplasm!
You hit the dart slug. You tail-slap the dart slug.
The dart slug is heavily wounded.
The dart slug bites you.
* * * LOW HITPOINT WARNING * * *
You hit the dart slug. You tail-slap the dart slug.
The dart slug is almost dead.
You feel yourself speed up. The dart slug launches a dart at you.
The slug dart hits you.
You die...

.... .# .# ...
.##... #.. ..#..
# #.# #....
.####.#..#...#
......#.#g#.#
......†)....#
####.#w##..#
#.#@##..#
###...##..####.#
.......<.......#
####..#...#####..
.....#.#.#
.....#.#..
....#.#.#..
....##.#. #..
#.#. #..


You could see a dart slug and a goblin.

Vanquished Creatures
  A dart slug (D:1)
  A ball python (D:1)
  3 bats
  5 endoplasms
  A giant cockroach (D:1)
  A hobgoblin (D:2)
  2 kobolds
  2 frilled lizards (D:1)
  2 rats (D:1)
18 creatures vanquished.

Notes
Turn   | Place    | Note
-------+----------+-------------------------------------------
     0 | D:1      | DocClef the Draconian Fighter began the quest for the Orb.
     0 | D:1      | Reached XP level 1. HP: 19/19 MP: 1/1
   332 | D:1      | Reached XP level 2. HP: 23/26 MP: 2/2
  1060 | D:2      | Killed from afar by a dart slug

Illustrated notes

Levels and vault maps discovered:
D:1:      ncdulo_wetmaze, layout_basic, minmay_fountain_box, st_stairs_4,
          hex_large
D:2:      layout_loops_ring, shapermc_ecumenical_altar_hornbeckon, wad_orctagon

Skill      XL: |  1  2 |
---------------+-------+-----
Dodging        | 3 |  3.0
Fighting       | |  3.6
Short Blades   | |  2.3
Stealth        | |  0.2
Shields        | |  3.2

Action                   || total
-------------------------++-------
Melee: Rapier            ||    57
       Tailslap          ||     7
Armor: Skin              ||    17
Dodge: Dodged            ||    41
Block: Buckler           ||    13
